 Dungeon Crawl Stone Soup version 0.29.0-4-gdea44cf6ec (webtiles) character file.

Game seed: 3754621543701607338

153 apoch the Covered (level 5, -2/33 HPs)
             Began as a Gargoyle Fighter on Aug 26, 2022.
             Was a Believer of Fedhas.
             Slain by a hornet (7 damage)
             ... on level 4 of the Dungeon on Aug 27, 2022.
             The game lasted 00:10:56 (3402 turns).

apoch the Covered (Gargoyle Fighter)                Turns: 3402, Time: 00:10:57

Health: -2/33      AC: 15    Str: 22    XL:     5   Next: 35%
Magic:  2/5        EV:  8    Int:  8    God:    Fedhas [**....]
Gold:   140        SH:  7    Dex:  9    Spells: 4/4 levels left

rFire   . . .      SeeInvis .   a - +0 flail
rCold   . . .      Faith    .   e - +0 kite shield
rNeg    + . .      Spirit   .   k - +4 ring mail
rPois   ∞          Reflect  .   l - +2 hat
rElec   +          Harm     .   (no cloak)
rCorr   .          Rampage  .   (no gloves)
Will    .....                   (no boots)
Stlth   ..........              (no amulet)
HPRegen 0.11/turn               (no ring)
MPRegen 0.09/turn               (no ring)

@: no status effects
A: sickness immunity, AC +4, negative energy resistance 1, electricity
resistance, torment resistance 1, petrification resistance
a: Renounce Religion, Wall of Briars


You were on level 4 of the Dungeon.
You worshipped Fedhas.
Fedhas was pleased with you.
You visited 1 branch of the dungeon, and saw 4 of its levels.

You collected 140 gold pieces.

Inventory:

Hand Weapons
 a - a +0 flail (weapon)
 b - a +0 sling
Missiles
 n - 3 stones (quivered)
 y - 2 atropa-tipped darts
Armour
 c - a +0 buckler
 e - a +0 kite shield (worn)
 k - a +4 ring mail (worn)
 l - a +2 hat (worn)
 q - a +0 scale mail
Jewellery
 w - a ring of magical power
Wands
 x - a wand of acid (4)
Scrolls
 f - 2 scrolls of immolation {unknown}
 g - 5 scrolls of identify {unknown}
 h - a scroll of noise {unknown}
 i - 6 scrolls of blinking {unknown}
 o - 5 scrolls of teleportation {unknown}
 r - 2 scrolls of butterflies {unknown}
 s - a scroll of vulnerability {unknown}
Potions
 d - a potion of might
 j - a potion of curing {unknown}
 m - a potion of flight {unknown}
 p - a potion of ambrosia {unknown}
 t - a potion of mutation {unknown}
 u - a potion of invisibility {unknown}
 v - a potion of lignification {unknown}
 z - a potion of degeneration {unknown}


   Skills:
 + Level 4.2 Fighting
 * Level 4.0 Maces & Flails
 + Level 4.2 Armour
 - Level 3.2 Shields
 + Level 0.6 Invocations


You had 4 spell levels left.
You didn't know any spells.
Your spell library contained the following spells:

 Spells                   Type           Power      Damage    Failure   Level
 Alistair's Intoxication  Tmut/Pois      0%         N/A       100%        5
 Borgnjor's Vile Clutch   Necr/Erth      0%         N/A       100%        5
 Conjure Ball Lightning   Conj/Air       0%         3x3d6     100%        6
 Eringya's Noxious Bog    Tmut/Pois      0%         N/A       100%        6
 Discord                  Hex            0%         N/A       100%        8
 Disjunction              Tloc           0%         N/A       100%        8


Dungeon Overview and Level Annotations

Branches:
Dungeon (4/15)
 Temple: D:4-7

Altars:
Ashenzari
Elyvilon
Fedhas
Kikubaaqudgha
Okawaru
Ru
Trog
Uskayaw
Yredelemnul


Innate Abilities, Weirdness & Mutations

You are immune to sickness and miasma.
Your stone body is resilient. (AC +4)
You are immune to poison.
You resist negative energy. (rN+)
You are resistant to electric shocks. (rElec)
You are resistant to unholy torment.
You are immune to petrification.


Message History

Your Maces & Flails skill increases to level 4!
You closely miss the ball python. You block the ball python's attack.
The ball python constricts you.
You closely miss the ball python.
The ball python bites you but does no damage.
The ball python constricts you.
The ball python bites you but does no damage.
The ball python constricts you.
You sock the ball python!
You kill the ball python!
Fedhas appreciates your contribution to the ecosystem.
There is an open door here.
You see here a ball python corpse.
i - 6 scrolls labelled RAEHOI ZIOFIM (gained 1)
You open the door.
There is an open door here.
A hornet comes into view.
The hornet buzzes angrily.
You see here 12 gold pieces.
A hornet is nearby!
You throw a stone.
The stone hits the hornet but does no damage.
You miss the hornet. You block the hornet's attack.
The hornet barely misses you.
You thump the hornet!
The hornet is moderately wounded.
The hornet stings you. The hornet stings you! The hornet stings you.
You are too injured to fight recklessly!
You are too injured to fight recklessly!
You are too injured to fight recklessly!
Unknown command.
You hit the hornet.
The hornet is heavily wounded.
You block the hornet's attack. The hornet stings you!
* * * LOW HITPOINT WARNING * * *
Unknown command.
Okay, then.
A briar patch grows up from the ground.
The hornet stings you!
You die...
Fedhas appreciates your contribution to the ecosystem.

#.# #.# ##...## ##.# ###.#
##.....## .#.# ##.#.#
##.......##
...##########....###.........###
...................'.........'.
..)####### #......#.........#
.#.## ##....###.......# ##..#
###P## ##.....## ##.# #@#
##...## #.# #y# ##†## #.#
#.........# #.# #.# #.###.###.#
#.# #.# #.### ##.######## #.#
#.....##.........# #.#
##..........####.# #.#
.....#..<#####.# ###.#
................


You could see a hornet (ally target).

Vanquished Creatures
  A hound (D:2)
  An iguana (D:4)
  An adder (D:3)
  An ufetubus (D:4)
  3 worms (D:2)
  2 dart slugs (D:1)
  An orc (D:4)
  6 ball pythons
  6 bats
  6 endoplasms
  2 giant cockroaches
  6 goblins
  7 hobgoblins
  5 jackals
  5 frilled lizards
  9 kobolds
  3 rats
65 creatures vanquished.

Vanquished Creatures (others)
  3 plants (D:1)
3 creatures vanquished.

Grand Total: 68 creatures vanquished

Notes
Turn   | Place    | Note
-------+----------+-------------------------------------------
     0 | D:1      | apoch the Gargoyle Fighter began the quest for the Orb.
     0 | D:1      | Reached XP level 1. HP: 14/14 MP: 1/1
   163 | D:1      | Reached XP level 2. HP: 9/19 MP: 2/2
   784 | D:1      | Reached XP level 3. HP: 16/23 MP: 3/3
  1006 | D:1      | Found a faded altar of an unknown god.
  1011 | D:1      | Prayed at the altar of an unknown god.
  1011 | D:1      | Became a worshipper of Fedhas Madash
  1011 | D:1      | Reached * piety under Fedhas
  1443 | D:2      | Reached XP level 4. HP: 28/29 MP: 4/4
  2209 | D:3      | Found a hide-covered altar of Uskayaw.
  2412 | D:3      | Found a bloodstained altar of Trog.
  2413 | D:3      | Found a broken altar of Ashenzari.
  2414 | D:3      | Found a basalt altar of Yredelemnul.
  2415 | D:3      | Found an ancient bone altar of Kikubaaqudgha.
  2417 | D:3      | Found an iron altar of Okawaru.
  2418 | D:3      | Found a white marble altar of Elyvilon.
  2596 | D:3      | Found a sacrificial altar of Ru.
  3089 | D:4      | Reached ** piety under Fedhas
  3108 | D:4      | Reached XP level 5. HP: 25/33 MP: 5/5
  3396 | D:4      | Noticed a hornet
  3402 | D:4      | Slain by a hornet

Illustrated notes

Levels and vault maps discovered:
D:1:      nicolae_arrival_washed_ashore, layout_basic,
          shapermc_ecumenical_altar_acropolis, chequers_serial_rivers_micro_c
D:2:      layout_loops_ring, kennysheep_pointless_box, minmay_cut_off
D:3:      layout_basic, nicolae_overflow_hidden_temple,
          eat_drink_and_be_merry_uskayaw, minitemple
D:4:      layout_loops_corners, zin_statuary, palyth_stone_intersect

Skill      XL: |  1  2  3  4  5 |
---------------+----------------+-----
Maces & Flails | 3 4 |  4.0
Armour         | 4 |  4.2
Fighting       | 4 |  4.2
Shields        | |  3.2
Invocations    | |  0.6

Action                   |  1- 3 |  4- 6 || total
-------------------------+-------+-------++-------
Melee: Flail             |   118 |    75 ||   193
 Fire: Sling             |       |    26 ||    26
Throw: Stone             |    20 |    21 ||    41
       Dart              |       |    13 ||    13
Invok: Wall of Briars    |       |     1 ||     1
Armor: Scale mail        |    47 |       ||    47
       Ring mail         |    40 |    49 ||    89
Dodge: Dodged            |    50 |    30 ||    80
Block: Kite shield       |    66 |    42 ||   108
